 Dungeon Crawl Stone Soup version 0.30.1-9-gdf580d7c3d (webtiles) character file.

Game seed: 9755925215358912858

3427 monsoonserge the Artisan of Death (level 9, -1/64 HPs)
             Began as a Mummy Necromancer on Oct 19, 2023.
             Was a Priest of Kikubaaqudgha.
             Slain by an orc warrior
             ... wielding a +0 war axe
              (15 damage)
             ... in a bailey.
             The game lasted 00:29:25 (5871 turns).

monsoonserge the Artisan of Death (MuNe)            Turns: 5871, Time: 00:29:26

Health: -1/64      AC:  9    Str: 11    XL:     9   Next: 76%
Magic:  12/18      EV: 10    Int: 28    God:    Kikubaaqudgha [***...]
Gold:   387        SH: 12    Dex: 12    Spells: 12/20 levels left

rFire   x . .        b - +9 trident of True Grit {drain, rC+ Int+3}
rCold   + + .        d - +0 kite shield
rNeg    + + +        w - +3 leather armour
rPois   ∞            j - +1 helmet
rElec   .            l - +0 cloak
rCorr   .            (no gloves)
SInv    .            (no boots)
Will    +....        o - amulet of reflection
Stlth   ++           p - +6 ring of intelligence
HPRegen 0.30/turn    (no ring)
MPRegen 0.16/turn

%: reflection, faith
@: about to teleport, animating dead, studying Spellcasting
A: cold resistance 1, negative energy resistance 3, torment resistance 2, heat
vulnerability 1, in touch with death 1, no potions, faith
a: Renounce Religion, Unearth Wretches


You were in a bailey.
You worshipped Kikubaaqudgha.
Kikubaaqudgha was most pleased with you.
You visited 2 branches of the dungeon, and saw 8 of its levels.
You also visited: Bailey.

You collected 387 gold pieces.

Inventory:

Hand Weapons
 b - the +9 trident of True Grit (weapon) {drain, rC+ Int+3}
   (You found it on level 2 of the Dungeon)

   Int:       It affects your intelligence (+3).
   rC:        It protects you from cold.
Missiles
 c - 6 boomerangs
 g - 4 javelins
 q - 8 poisoned darts (quivered)
Armour
 d - a +0 kite shield (worn)
 f - a +0 ring mail
 j - a +1 helmet (worn)
 l - a +0 cloak (worn)
 w - a +3 leather armour (worn)
Magical Staves
 a - a staff of death
Jewellery
 o - an amulet of reflection (around neck)
 p - a +6 ring of intelligence (left hand)
Wands
 m - a wand of roots (9)
 v - a wand of digging (7)
Scrolls
 h - a scroll of fear
 k - a scroll of immolation
 r - a scroll of brand weapon {unknown}
 s - a scroll of summoning
 t - 2 scrolls of enchant weapon {unknown}
 u - a scroll of identify


   Skills:
 + Level 3.4 Fighting
 + Level 6.0 Polearms
 + Level 4.1 Armour
 + Level 3.1 Dodging
 - Level 2.0 Stealth
 * Level 2.0 Shields
 * Level 6.1 Spellcasting
 + Level 8.9 Necromancy


You had 12 spell levels left.
You knew the following spells:

 Your Spells              Type           Power      Damage    Failure   Level
a - Necrotise             Necr           100%       1d9       1%          1
b - Vampiric Draining     Necr           73%        2d11      2%          3
c - Animate Dead          Necr           73%        N/A       9%          4

Your spell library contained the following spells:

 Spells                   Type           Power      Damage    Failure   Level
 Kiss of Death            Conj/Necr      100%       2d13      5%          1
 Cigotuvi's Dreadful Rot  Necr/Pois/Air  74%        N/A       16%         2
 Agony                    Necr           73%        N/A       24%         5
 Foxfire                  Conj/Fire      32%        2x1d5     34%         1
 Magic Dart               Conj           32%        1d4       34%         1
 Slow                     Hex            32%        N/A       34%         1
 Sting                    Tmut/Pois      32%        1d4       34%         1
 Poisonous Vapours        Pois/Air       16%        N/A       45%         2
 Searing Ray              Conj           16%        2d5       45%         2
 Confusing Touch          Hex            8%         N/A       71%         3
 Vhi's Electric Charge    Tloc/Air       16%        N/A       71%         3
 Death Channel            Necr           36%        N/A       78%         6
 Borgnjor's Vile Clutch   Necr/Erth      25%        N/A       83%         5
 Cause Fear               Hex            4%         N/A       98%         4
 Fulminant Prism          Conj/Hex       4%         3d5       98%         4
 Olgreb's Toxic Radiance  Pois           8%         N/A       98%         4
 Arcjolt                  Conj/Air       4%         1d14      100%        5
 Fireball                 Conj/Fire      4%         3d4       100%        5
 Plasma Beam              Fire/Air       4%         2x1d15    100%        6
 Simulacrum               Ice/Necr       25%        N/A       100%        6
 Starburst                Conj/Fire      4%         6d3       100%        6
 Dragon's Call            Summ           4%         N/A       100%        9
 Dragon Form              Tmut           Unusable   N/A       N/A         7

Dungeon Overview and Level Annotations

Branches:
Dungeon (7/15)             Temple (1/1) D:4          Bailey (1/1)

Altars:
Ashenzari
Cheibriados
Dithmenos
Fedhas
Gozag
Kikubaaqudgha
Makhleb
Okawaru
Qazlal
Ru
Sif Muna
Trog
Uskayaw
Vehumet
Wu Jian
Xom
Yredelemnul
Lugonu

Portals:
Abyss: D:6

Annotations:
D:5 3 runed translucent doors, CeilingCat's ghost, novice OpBr; KittyFluff's ghost, novice GrBe; TekDriveTruck's ghost, novice GnFi; kaesle's ghost, amateur HOFi
D:7 3 runed translucent doors, Truth0's ghost, novice DjTm


Innate Abilities, Weirdness & Mutations

You are immune to poison.
Your flesh is cold resistant. (rC+)
You are immune to negative energy. (rN+++)
You are immune to unholy pain and torment.
You are vulnerable to heat. (rF-)
You are in touch with the powers of death.
You do not drink.
You have a special connection with the divine. (Faith)


Message History

Okay, then.
As you read the scroll of teleportation, it crumbles to dust.
You feel strangely unstable.
The orc warrior hits you with a +0 war axe.
You block the orc warrior's attack.
Reach: b) +9 trident of True Grit {drain, rC+ Int+3}
Press: ? - help, Dir - move target, f/p - kobold demonologist
Aim: a kobold demonologist, wielding a +0 war axe and wearing a +0 ring mail (moderately wounded, lightly drained, about 36% to evade the +9 trident of True Grit)
You reach to attack!
You hit the kobold demonologist.
The kobold demonologist is moderately wounded.
The orc warrior hits you with a +0 war axe.
The orc warrior barely misses you. You block the orc warrior's attack.
The orc warrior hits you with a +0 war axe!
* * * LOW HITPOINT WARNING * * *
Reach: b) +9 trident of True Grit {drain, rC+ Int+3}
Press: ? - help, Dir - move target, f/p - kobold demonologist
Aim: a kobold demonologist, wielding a +0 war axe and wearing a +0 ring mail (moderately wounded, lightly drained, about 36% to evade the +9 trident of True Grit)
Okay, then.
Casting: Animate Dead (dangerous; 9% risk of failure)
Confirm with . or Enter, or press ? or * to list all spells.
Aiming: Vampiric Draining (dangerous; 2% risk of failure)
Press: ? - help, Shift-Dir - straight line, f - orc warrior, p - kobold demonologist
Aim: an orc warrior, wielding a +0 war axe and wearing a +0 scale mail You feel a surge of power!
You draw life force from the orc warrior!
You feel life coursing into your body.
The orc warrior hits you with a +0 war axe!
* * * LOW HITPOINT WARNING * * *
You block the orc warrior's attack.
Casting: Vampiric Draining (dangerous; 2% risk of failure)
Confirm with . or Enter, or press ? or * to list all spells.
Aiming: Vampiric Draining (dangerous; 2% risk of failure)
Press: ? - help, Shift-Dir - straight line, f/p - orc warrior
Aim: an orc warrior, wielding a +0 war axe and wearing a +0 scale mail (heavily wounded)
You feel a surge of power!
You draw life force from the orc warrior!
You feel life coursing into your body. You block the orc warrior's attack.
The orc warrior hits you with a +0 war axe!
You die...
Kikubaaqudgha rasps: "You have failed me!
Welcome... oblivion!"

#.'........∩.......
###..######.######.
#....#[[.#.).# !#
#....#[[.#...#
#+#'##+###8.8# ##+#
≈≈≈≈~.#..# #...#
#..# ≈≈≈≈~.#..#
#8.8# #..#
≈≈≈≈~.#..# #...#
#..# ≈≈≈≈~.#..#
#.o@# #..#
≈≈≈≈~.#).# ##o##
#..# ≈≈≈≈~.##)#


53K #)## ≈≈≈≈~.#).# ...54 #..# #Z8#...... #8.# #).#...... #..# #.8#######
####8Z# #.)...#######.....# #.8...#.....#...8.# You could see an orange demon
(summoned), a kobold demonologist (drained), a ynoxinul (summoned), 2 orc
warriors, a shadow imp (summoned) and an ufetubus (summoned).

Vanquished Creatures
  Grinder (D:3)
  Eustachio (D:5)
  3 vampire mosquitoes (D:6)
  4 orc warriors (Bailey)
  A sky beast (D:7)
  A black bear (D:4)
  4 ogres
  A centaur (D:5)
  A phantom (D:5)
  A kobold brigand (D:6)
  A bullfrog (D:4)
  A gnoll sergeant (D:6)
  4 scorpions
  An electric eel (Bailey)
  2 howler monkeys
  A quasit (D:5)
  3 jellies
  3 hounds
  A gnoll bouda (D:6)
  3 orc priests
  2 sleepcaps (D:5)
  Terence (D:3)
  Natasha (thrice) (D:2)
  2 orc wizards
  18 gnolls
  8 adders
  2 shadow imps
  3 white imps (D:5)
  3 ufetubi
  A dart slug (D:2)
  22 orcs
  3 endoplasms
  3 giant cockroaches
  16 goblins
  11 hobgoblins
  11 jackals
  2 quokkas
  10 ball pythons
  3 bats
  5 frilled lizards
  7 kobolds
  5 rats
179 creatures vanquished.

Vanquished Creatures (collateral kills)
  A centaur (D:5)
  A gnoll bouda (D:6)
  A sleepcap (D:6)
  An adder (D:2)
  2 white imps
  An orc (D:5)
  2 endoplasms
  A giant cockroach (D:2)
  A hobgoblin (D:1)
  4 kobolds (D:6)
  A frilled lizard (D:2)
16 creatures vanquished.

Vanquished Creatures (others)
  A scorpion zombie (D:5)
  A hound zombie (D:5)
  2 gnoll zombies (Bailey)
  3 goblin zombies (Bailey)
  A hobgoblin zombie (Bailey)
  8 orc zombies
16 creatures vanquished.

Grand Total: 211 creatures vanquished

Notes
Turn   | Place    | Note
-------+----------+-------------------------------------------
     0 | D:1      | monsoonserge the Mummy Necromancer began the quest for the
                  | Orb.
     0 | D:1      | Reached XP level 1. HP: 13/13 MP: 4/4
   219 | D:1      | Reached XP level 2. HP: 19/19 MP: 2/5
  1074 | D:2      | Gained mutation: You are in touch with the powers of death.
                  | [Mummy growth]
  1074 | D:2      | Reached XP level 3. HP: 24/24 MP: 3/7
  1075 | D:2      | Found an ornate altar of the Wu Jian Council.
  1157 | D:2      | Learned a level 3 spell: Vampiric Draining
  1330 | D:2      | Identified the +9 trident of True Grit {drain, rC+ Int+3}
  1396 | D:2      | Noticed Natasha
  1415 | D:2      | Killed Natasha
  1416 | D:2      | Reached skill level 1 in Armour
  1416 | D:2      | Reached skill level 5 in Necromancy
  1416 | D:2      | Reached XP level 4. HP: 16/30 MP: 6/8
  1421 | D:2      | HP: 1/30 [gnoll/+0 flail (11)]
  1528 | D:2      | Learned a level 4 spell: Animate Dead
  1688 | D:2      | Noticed Natasha
  1698 | D:2      | Killed Natasha
  1699 | D:2      | Reached XP level 5. HP: 14/35 MP: 2/9
  1826 | D:2      | Noticed Natasha
  1831 | D:2      | Killed Natasha
  1938 | D:3      | Noticed an ogre
  2124 | D:3      | Noticed Grinder
  2137 | D:3      | Killed Grinder
  2138 | D:3      | Reached skill level 6 in Necromancy
  2138 | D:3      | Reached XP level 6. HP: 21/42 MP: 10/12
  2261 | D:3      | Reached skill level 1 in Polearms
  2310 | D:3      | Reached skill level 1 in Fighting
  2414 | D:3      | Noticed Terence
  2420 | D:3      | Killed Terence
  2421 | D:3      | Reached XP level 7. HP: 48/48 MP: 8/13
  2712 | D:4      | Reached skill level 7 in Necromancy
  3021 | D:4      | Found a staircase to the Ecumenical Temple.
  3034 | Temple   | Entered the Ecumenical Temple
  3330 | Temple   | Became a worshipper of Kikubaaqudgha
  3496 | D:5      | Entered Level 5 of the Dungeon
  3512 | D:5      | Found a snail-covered altar of Cheibriados.
  3513 | D:5      | Found a hide-covered altar of Uskayaw.
  3697 | D:5      | Reached skill level 8 in Necromancy
  3697 | D:5      | Reached XP level 8. HP: 54/54 MP: 14/14
  3731 | D:5      | Found a runed translucent gate.
  3732 | D:5      | Found a runed translucent gate.
  3733 | D:5      | Found a runed translucent gate.
  3734 | D:5      | Noticed TekDriveTruck's ghost (novice GnFi)
  3735 | D:5      | Noticed CeilingCat's ghost (novice OpBr)
  3735 | D:5      | Noticed KittyFluff's ghost (novice GrBe)
  3735 | D:5      | Noticed kaesle's ghost (amateur HOFi)
  3744 | D:5      | Noticed Eustachio
  3770 | D:5      | Killed Eustachio
  3859 | D:5      | Reached * piety under Kikubaaqudgha
  3859 | D:5      | Received a gift from Kikubaaqudgha
  4566 | D:6      | Reached XP level 9. HP: 38/62 MP: 12/15
  4746 | D:6      | Found a large runed translucent door.
  4748 | D:6      | Found a large runed translucent door.
  4887 | D:6      | Found a one-way gate to the infinite horrors of the Abyss.
  4887 | D:6      | Identified the +3 rapier of Tokof {distort, Int+2}
  4951 | D:6      | Reached skill level 5 in Polearms
  4952 | D:6      | Reached ** piety under Kikubaaqudgha
  5026 | D:6      | Reached skill level 1 in Shields
  5332 | D:6      | Found a corrupted altar of Lugonu.
  5421 | D:7      | Found a runed translucent gate.
  5421 | D:7      | Found a runed translucent gate.
  5421 | D:7      | Found a runed translucent gate.
  5421 | D:7      | Noticed Truth0's ghost (novice DjTm)
  5423 | D:7      | Noticed a troll
  5501 | D:7      | Reached skill level 5 in Spellcasting
  5567 | D:7      | Found a flagged portal.
  5578 | Bailey   | Entered a bailey
  5851 | Bailey   | Reached *** piety under Kikubaaqudgha
  5851 | Bailey   | Received a gift from Kikubaaqudgha
  5858 | Bailey   | Found an iron altar of Okawaru.
  5859 | Bailey   | Noticed a kobold demonologist
  5864 | Bailey   | Noticed an orange demon
  5871 | Bailey   | Slain by an orc warrior

Illustrated notes

Levels and vault maps discovered:
D:1:      amcnicky_arrival_choice, layout_basic
D:2:      layout_rooms, basic_altar, minmay_misc_feat_x, minivault_11,
          hangedman_decor_growths, uniq_natasha
D:3:      layout_rooms, uniq_grinder, uniq_terence
D:4:      layout_rooms, temple_fountains, serial_forest,
          infiniplex_forest_straight_2, infiniplex_forest_end_double,
          infiniplex_forest_lined_corner, infiniplex_forest_clump_curved,
          infiniplex_forest_end_1, infiniplex_forest_zigzag_1,
          infiniplex_forest_lined_2
D:5:      minmay_evil_eye, layout_basic, nicolae_overflow_squiral,
          serial_demonic, serial_demonic_b, serial_demonic_b, serial_demonic_b,
          serial_demonic_c, serial_demonic_d, serial_demonic_d,
          gammafunk_ghost_cemetery, minmay_misc_feat_tiny, serial_bayou_pond_b,
          uniq_eustachio
D:6:      due_chaos_kobolds, layout_loops_ring, minmay_manual_mandibuliform
D:7:      minmay_general_purpose_star, layout_loops_ring, enter_bailey_3,
          gammafunk_ghost_split
Temple:   dpeg_five_rooms_temple
Bailey:   bailey_axe_of_yendor_kennysheep, bailey

Skill      XL: |  1  2  3  4  5  6  7  8  9 |
---------------+----------------------------+-----
Spellcasting   | 3 4 6 |  6.1
Armour         | 1 2 3 4 |  4.1
Necromancy     | 5 6 8 |  8.9
Dodging        | 2 3 |  3.1
Stealth        | 2 |  2.0
Polearms       | 1 2 4 6 |  6.0
Fighting       | 1 2 3 |  3.4
Shields        | 2 |  2.0

Action                     |  1- 3 |  4- 6 |  7- 9 || total
---------------------------+-------+-------+-------++-------
  Melee: Dagger            |    20 |       |       ||    20
         Staff             |    14 |     6 |     1 ||    21
         Trident           |    11 |    38 |   272 ||   321
         Punch             |       |       |     3 ||     3
  Throw: Dart              |       |     2 |       ||     2
   Cast: Necrotise         |    48 |    41 |    33 ||   122
         Vampiric Draining |       |     3 |     3 ||     6
         Animate Dead      |       |       |     5 ||     5
    Use: Scroll            |       |       |     6 ||     6
   Stab: Sleeping          |     2 |     1 |     4 ||     7
         Distracted        |       |     1 |     1 ||     2
 Armour: Leather armour    |    14 |    14 |    68 ||    96
  Dodge: Dodged            |    34 |    27 |   125 ||   186
  Block: Other             |       |       |    35 ||    35
         Reflection        |       |       |     1 ||     1
         Kite shield       |       |       |    46 ||    46
